Map: Ever Dream LE

Players

JonSnow

  • Race: Zerg Zerg
  • League: Master
  • Spawn Location: 7:00

Semper - Winner!

  • Race: Protoss Protoss
  • Spawn Location: 1:00

Event: DreamHack SC2 Masters 2020 Summer North America

VOD

Have the link to the VOD?

Description

Time

  • Played on: June 30, 2020, 7:27 p.m.
  • Length: 19:32

All games in this series

Show
View Real Time Build Order
Export as new Build Order

JonSnow Zerg 

Build Orders: Hatch First, Roach Hydra 

Get SALT Encoding   

  12  0:00  Drone  
  13  0:12  Overlord  
  13  0:17  Drone  
  14  0:31  Drone  
  15  0:44  Hatchery  
  15  0:49  Drone  
  15  0:55  Drone  
  15  0:56  Drone  
  17  1:00  Drone  
  18  1:09  Extractor  
  17  1:15  Spawning Pool  
  17  1:18  Drone  
  17  1:23  Drone  
  18  1:33  Drone  
  19  1:43  Drone  
  20  1:53  Overlord  
  20  2:00  Drone  
  21  2:02  Queen x2  
  21  2:06  Zergling x2  
  26  2:08  Zergling x2  
  26  2:12  Metabolic Boost  
  27  2:16  Drone  
  27  2:20  Drone  
  29  2:26  Drone  
  30  2:40  Hatchery  
  30  2:42  Drone x2  
  31  2:44  Drone  
  31  2:51  Queen  
  32  2:55  Overlord  
  34  3:02  Drone x2  
  36  3:09  Overlord  
  36  3:15  Zergling x6  
  36  3:16  Drone x2  
  41  3:23  Drone  
  41  3:26  Queen  
  41  3:27  Drone  
  45  3:34  Overlord  
  45  3:39  Drone  
  46  3:43  Drone x3  
  49  3:50  Drone x2  
  49  3:51  Spore Crawler  
  49  3:53  Drone  
  49  3:55  Drone, Spore Crawler  
  50  3:59  Drone x2  
  50  4:00  Drone  
  50  4:02  Drone x2  
  55  4:06  Spore Crawler  
  54  4:10  Drone x2  
  54  4:15  Evolution Chamber  
  55  4:20  Zergling x10  
  55  4:26  Drone x2  
  55  4:28  Drone  
  55  4:29  Drone x3  
  61  4:35  Roach Warren  
  61  4:36  Drone  
  61  4:39  Drone x2  
  61  4:41  Drone x2  
  61  4:42  Zerg Missile Weapons Level 1  
  61  4:43  Extractor  
  61  4:45  Extractor  
  63  4:47  Queen  
  65  4:54  Lair  
  65  4:56  Overlord x2  
  65  4:58  Overlord  
  65  5:01  Overlord  
  65  5:11  Overlord  
  65  5:13  Queen  
  67  5:18  Overlord  
  67  5:22  Overlord  
  67  5:25  Extractor  
  65  5:29  Roach x2  
  65  5:30  Roach x5  
  78  5:37  Queen  
  78  5:39  Roach x3  
  84  5:44  Roach  
  84  5:45  Zergling x8  
  84  5:49  Overlord  
  90  5:56  Glial Reconstitution  
  90  5:59  Zergling x10  
  95  6:05  Zergling x8  
  95  6:10  Ravager  
  100  6:12  Ravager  
  100  6:17  Roach x3  
  100  6:18  Zergling x2  
  107  6:28  Ravager  
  107  6:33  Overlord  
  107  6:34  Roach  
  107  6:35  Roach x3  
  115  6:46  Roach x5  
  119  6:54  Drone x7  
  122  7:06  Zergling x10  
  119  7:13  Drone  
  116  7:17  Overseer, Hydralisk Den  
  116  7:18  Drone x2  
  112  7:26  Extractor x2  
  112  7:27  Zerg Missile Weapons Level 2  
  112  7:29  Drone  
  109  7:32  Drone x2  
  109  7:34  Hatchery, Drone  
  109  7:36  Drone  
  112  7:42  Drone  
  112  7:43  Drone x4  
  112  7:58  Roach  
  112  7:59  Roach x6  
  112  8:02  Overseer  
  112  8:04  Muscular Augments  
  124  8:08  Ravager  
  124  8:09  Ravager, Overlord  
  124  8:11  Roach  
  124  8:12  Roach x3  
  134  8:14  Ravager  
  135  8:21  Hydralisk  
  137  8:31  Zergling x20  
  137  8:32  Zergling x6  
  130  8:36  Zergling x2  
  130  8:37  Zergling x2  
  111  8:43  Roach x2  
  101  8:49  Hydralisk  
  101  8:50  Hydralisk x2  
  107  8:55  Roach x5  
  107  8:58  Roach x2  
  111  9:04  Hydralisk x2  
  111  9:09  Drone  
  118  9:10  Drone x2  
  118  9:15  Drone, Baneling Nest  
  118  9:18  Drone  
  118  9:20  Drone x4  
  118  9:23  Grooved Spines  
  122  9:33  Hydralisk x3, Overlord  
  122  9:38  Hydralisk x2  
  130  9:42  Unknown  
  130  9:43  Zerg Melee Weapons Level 1  
  131  9:45  Hydralisk x3  
  137  10:01  Centrifical Hooks, Hydralisk x5  
  137  10:05  Zergling x6  
  137  10:06  Zergling x2  
  151  10:11  Zergling x10  
  155  10:21  Overlord x2  
  155  10:23  Zergling x10  
  156  10:32  Baneling x6  
  156  10:33  Zergling x16  
  158  10:37  Zergling x8  
  158  10:40  Zergling x6  
  159  10:47  Drone  
  159  10:48  Drone x4  
  164  10:55  Hydralisk x2  
  168  11:00  Hydralisk x2  
  172  11:12  Overlord x2  
  172  11:13  Overlord  
  172  11:21  Baneling x5  
  172  11:23  Hydralisk x2  
  176  11:32  Hydralisk x10  
  176  11:38  Zerg Melee Weapons Level 2  
  196  11:42  Drone  
  197  11:51  Baneling x10  
  197  11:56  Hatchery  
  196  12:03  Queen  
  198  12:09  Hatchery  
  198  12:11  Baneling  
  198  12:12  Baneling x3  
  195  12:22  Zergling x12  
  199  12:28  Infestation Pit  
  188  12:38  Baneling x5, Infestation Pit  
  186  12:49  Spire  
  178  12:59  Zergling x28  
  178  13:02  Baneling x7  
  178  13:04  Hive  
  181  13:36  Hydralisk  
  181  13:37  Hydralisk x4  
  181  13:38  Zergling x28  
  196  13:43  Drone x3  
  196  13:45  Pathogen Glands  
  194  14:03  Pneumatized Carapace, Hatchery  
  184  14:21  Extractor  
  184  14:22  Extractor  
  182  14:26  Zerg Missile Weapons Level 3, Greater Spire  
  182  14:28  Zergling x24  
  193  14:32  Spore Crawler  
  193  14:34  Spine Crawler  
  193  14:36  Spine Crawler x2  
  193  14:38  Baneling x3, Drone  
  189  14:39  Drone x7  
  189  14:43  Baneling x3, Overseer  
  197  14:46  Drone x2  
  199  14:55  Adrenal Glands  
  199  14:57  Queen  
  198  15:00  Baneling x6  
  173  15:19  Corruptor x12  
  164  15:25  Zergling x8  
  168  15:29  Baneling x5  
  168  15:30  Baneling  
  168  15:31  Baneling  
  165  15:39  Drone x3  
  165  15:42  Baneling x9  
  166  15:46  Drone x2  
  166  15:47  Drone  
  164  15:57  Drone x3  
  164  15:58  Drone  
  167  16:09  Zergling x28  
  177  16:14  Spine Crawler  
  177  16:15  Baneling  
  177  16:16  Baneling x5  
  176  16:30  Viper x2  
  176  16:31  Overseer  
  176  16:32  Overseer  
  180  16:36  Baneling x24  
  180  16:39  Zergling x4  
  180  16:43  Overseer  
  180  16:49  Zergling x16  
  188  16:58  Zergling x16  
  150  17:02  Zergling x8  
  150  17:03  Zergling x2  
  150  17:06  Zergling x2  
  120  17:09  Hydralisk  
  120  17:11  Hydralisk  
  110  17:15  Hydralisk x2  
  110  17:21  Hydralisk  
  116  17:26  Hydralisk x2  
  119  17:30  Drone x2  
  119  17:31  Drone  
  122  17:42  Infestor x3  
  122  17:43  Infestor  
  130  17:50  Infestor x2  
  134  17:51  Infestor  
  134  17:56  Infestor  
  134  17:57  Infestor  
  140  18:00  Baneling x3  
  140  18:01  Baneling x2  
  137  18:05  Infestor  
  137  18:11  Infestor x2  
  142  18:15  Baneling x3  
  142  18:16  Baneling x2  
  142  18:28  Infestor x2  
  142  18:29  Infestor  
  148  18:37  Zergling x14  
  151  18:43  Infestor x2  
  153  18:49  Zergling x8  
Show
View Real Time Build Order
Export as new Build Order

Semper Protoss - Winner!

Build Orders: 1 Gate Expand, Oracle Opening, Archon Immortal, Carriers 

Get SALT Encoding   

  12  0:01  Probe  
  13  0:13  Probe  
  14  0:18  Pylon  
  14  0:24  Probe  
  15  0:33  Probe  
  15  0:39  Gateway  
  15  0:41  Probe  
  16  0:46  Assimilator  
  17  0:51  Probe  
  18  1:03  Probe  
  19  1:16  Probe  
  20  1:23  Nexus  
  20  1:33  Cybernetics Core  
  20  1:35  Probe  
  21  1:44  Assimilator  
  21  1:47  Probe  
  22  1:54  Pylon  
  22  1:59  Probe  
  23  2:02  Adept  
  23  2:11  Warp Gate  
  23  2:12  Probe  
  26  2:22  Stalker  
  26  2:24  Probe  
  27  2:31  Probe  
  27  2:36  Probe  
  31  2:39  Probe  
  31  2:44  Stargate  
  32  2:48  Probe  
  32  2:50  Probe  
  33  2:52  Adept  
  36  3:01  Gateway  
  36  3:02  Probe  
  37  3:09  Probe  
  38  3:16  Oracle  
  38  3:21  Probe  
  38  3:25  Probe  
  40  3:28  Pylon  
  40  3:29  Assimilator  
  40  3:32  Assimilator  
  40  3:33  Probe  
  44  3:39  Probe  
  45  3:44  Oracle  
  45  3:46  Probe  
  49  3:58  Probe  
  49  4:00  Probe  
  49  4:02  Robotics Facility  
  51  4:07  Pylon  
  51  4:09  Adept  
  53  4:11  Probe  
  52  4:25  Probe  
  52  4:26  Probe  
  54  4:32  Adept x2  
  54  4:33  Oracle  
  54  4:37  Pylon  
  61  4:41  Nexus  
  61  4:43  Probe, Pylon  
  62  4:55  Observer, Probe x2  
  65  5:04  Sentry x2  
  69  5:08  Probe  
  69  5:11  Probe  
  69  5:13  Immortal  
  71  5:15  Twilight Council  
  71  5:16  Forge  
  71  5:20  Probe  
  76  5:40  Charge, Probe x2  
  76  5:41  Protoss Ground Weapons Level 1  
  78  5:45  Pylon  
  78  5:46  Immortal  
  78  5:47  Pylon  
  78  5:50  Shield Battery  
  78  5:53  Pylon, Probe  
  83  5:58  Sentry x2, Probe  
  89  6:13  Shield Battery  
  89  6:14  Shield Battery x2  
  89  6:16  Gateway  
  89  6:18  Gateway  
  88  6:23  Shield Battery  
  88  6:24  Pylon  
  88  6:31  Stalker  
  88  6:32  Stalker  
  92  6:50  Pylon  
  92  6:51  Immortal  
  92  6:52  Pylon  
  96  6:55  Shield Battery  
  96  6:56  Stalker x2  
  99  7:04  Probe  
  99  7:06  Probe  
  93  7:09  Probe  
  93  7:13  Stalker  
  93  7:14  Stalker  
  96  7:16  Probe  
  96  7:18  Probe  
  96  7:19  Templar Archives  
  96  7:20  Probe  
  99  7:28  Probe  
  99  7:29  Probe  
  100  7:30  Probe  
  102  7:37  Warp Prism, Probe  
  102  7:40  Probe  
  102  7:43  Probe  
  107  7:48  Pylon, Probe  
  107  7:50  Photon Cannon  
  108  7:52  Probe  
  105  8:03  Probe  
  105  8:04  Immortal  
  106  8:06  High Templar x4  
  106  8:08  Assimilator  
  106  8:09  Probe x2  
  106  8:10  Archon x2  
  116  8:13  Assimilator  
  116  8:18  Probe  
  121  8:21  Pylon, Probe x2  
  121  8:24  Pylon  
  121  8:25  Gateway  
  123  8:29  Gateway  
  123  8:30  Gateway  
  107  8:38  Zealot x2  
  107  8:39  Zealot x2  
  107  8:41  Probe  
  103  8:45  Probe  
  99  8:51  Probe  
  92  8:59  High Templar x2  
  92  9:00  High Templar x2  
  92  9:04  Probe x2  
  92  9:07  High Templar x4  
  100  9:10  Probe  
  100  9:11  Psionic Storm  
  100  9:12  Archon x2  
  100  9:16  Probe x2  
  103  9:19  Protoss Ground Weapons Level 2  
  103  9:21  Gateway  
  103  9:22  Photon Cannon  
  99  9:24  Zealot  
  99  9:25  Gateway, Zealot x2  
  105  9:37  Photon Cannon  
  105  9:40  Pylon  
  105  9:41  High Templar  
  105  9:42  High Templar, Pylon  
  105  9:43  Zealot x2  
  113  9:56  Nexus, Pylon  
  113  9:57  Zealot x3  
  113  9:58  Immortal  
  119  10:00  Pylon  
  119  10:04  High Templar x2  
  123  10:09  Probe x2  
  128  10:16  Probe  
  128  10:20  Zealot x2  
  128  10:21  Zealot x3  
  139  10:24  Zealot  
  139  10:27  Nexus  
  139  10:28  Probe  
  142  10:30  Pylon  
  137  10:35  Zealot  
  137  10:36  Probe  
  137  10:37  Zealot x2  
  137  10:38  Probe  
  137  10:40  Probe  
  134  10:45  High Templar x2  
  134  10:49  Shield Battery  
  136  10:50  Probe x2  
  136  10:51  Shield Battery  
  136  10:52  Probe  
  136  10:53  Shield Battery  
  136  10:54  Photon Cannon  
  139  11:00  High Templar  
  139  11:01  High Templar x2  
  139  11:03  High Templar, Zealot x3  
  153  11:07  Archon x2  
  153  11:15  Probe x3  
  153  11:17  Assimilator  
  156  11:22  Pylon  
  156  11:30  Pylon  
  156  11:37  Probe x3  
  156  11:38  High Templar  
  156  11:39  Zealot x4  
  169  11:40  Zealot x2  
  169  11:42  Assimilator  
  169  11:45  Zealot x2  
  177  11:49  Probe x2  
  177  11:50  Probe  
  177  11:53  Protoss Air Weapons Level 1  
  180  11:54  Stargate  
  180  11:55  Probe  
  180  11:56  Fleet Beacon  
  180  12:00  Zealot  
  183  12:01  Probe x2  
  179  12:13  High Templar x4  
  183  12:18  Photon Cannon  
  183  12:19  Probe x3  
  175  12:24  Photon Cannon x2  
  175  12:28  Carrier  
  175  12:29  High Templar x2  
  167  12:41  Shield Battery  
  167  12:46  Carrier  
  167  12:49  Zealot x3  
  167  12:50  Zealot  
  174  13:01  Zealot x5  
  184  13:20  Zealot x2  
  184  13:21  Zealot x2  
  184  13:25  Carrier  
  186  13:38  Stargate  
  186  13:47  Zealot x9  
  198  13:49  Nexus  
  198  13:50  Pylon  
  198  13:53  Pylon  
  192  13:56  Protoss Shields Level 1  
  192  14:00  Unknown  
  190  14:07  Carrier  
  184  14:12  Photon Cannon  
  184  14:13  Photon Cannon  
  184  14:15  Photon Cannon  
  184  14:16  Observer, Protoss Air Weapons Level 2  
  178  14:17  Photon Cannon  
  178  14:18  Zealot x2  
  178  14:19  Shield Battery, Mothership  
  178  14:20  Zealot  
  178  14:21  Shield Battery  
  178  14:22  Carrier  
  171  14:32  Dark Shrine  
  185  14:40  Shield Battery  
  185  14:41  Zealot x2  
  189  14:46  Stalker, Zealot  
  189  14:48  Zealot  
  189  14:50  Zealot  
  195  14:55  Zealot  
  185  15:15  Archon x2  
  179  15:21  Carrier x2  
  179  15:23  Zealot x3  
  193  15:36  Zealot x3  
  195  15:55  Carrier  
  195  15:56  Photon Cannon  
  192  16:05  Shield Battery  
  192  16:06  Shield Battery  
  192  16:07  Probe  
  192  16:08  Photon Cannon x2  
  176  16:15  Probe  
  176  16:18  Observer  
  177  16:25  Probe  
  178  16:27  Dark Templar x4, Zealot  
  178  16:28  Zealot x4  
  197  16:37  Probe  
  198  16:42  Photon Cannon  
  198  16:44  Photon Cannon  
  198  16:45  Pylon  
  198  16:49  Probe  
  198  16:51  Carrier x2  
  181  17:05  Archon x2  
  181  17:07  High Templar x4, Zealot  
  181  17:08  Zealot x3  
  175  17:14  Archon x2  
  175  17:15  High Templar  
  167  17:18  Carrier  
  167  17:22  Probe x2  
  167  17:29  Dark Templar x3  
  175  17:40  High Templar x2  
  179  17:53  Zealot x4  
  181  18:16  High Templar x2  
  181  18:17  High Templar x2  
  181  18:18  Zealot x3  
  181  18:19  Zealot x2  
  199  18:21  Archon x2  
  189  18:48  High Templar x2  
  189  18:53  Zealot x7  
  187  19:14  Nexus  
  185  19:22  Pylon  
  181  19:27  Zealot x6  
  185  19:31  High Templar x2  
  185  19:32  High Templar  
Tags
 
Add a new tag
Caveats
  • Supply blocks, unpowered buildings, or Contaminate may cause inaccurate times.
  • Supply counts are checked every 10 seconds.